 Dungeon Crawl Stone Soup version 0.20.1-1-g8b1a95d (webtiles) character file.

35 polve the Shooter (level 3, 0/29 HPs)
             Began as a Centaur Arcane Marksman on Aug 28, 2017.
             Slain by a frilled lizard (2 damage)
             ... on level 2 of the Dungeon on Jan 14, 2018.
             The game lasted 00:03:05 (1030 turns).

polve the Shooter (Centaur Arcane Marksman)         Turns: 1030, Time: 00:03:06

Health: 0/29       AC:  4    Str: 12    XL:     3   Next: 16%
Magic:  4/4        EV:  9    Int: 12    God:
Gold:   48         SH:  0    Dex: 10    Spells: 3/4 levels left

rFire    . . .     SeeInvis .   a - +0 shortbow
rCold    . . .     Gourm    .   (shield currently unavailable)
rNeg     . . .     Faith    .   m - +0 robe (curse)
rPois    .         Spirit   .   (no helmet)
rElec    .         Reflect  .   (no cloak)
rCorr    .         Harm     .   (no gloves)
MR       .....                  (no barding)
Stlth    +.........             (no amulet)
Regen    0.1/turn               (no ring)
MPRegen  0.1/turn               (no ring)

@: very quick
A: hooves 3, deformed body, speed 2, tough skin 3
a: no special abilities


You were on level 2 of the Dungeon.
You were not hungry.

You visited 1 branch of the dungeon, and saw 2 of its levels.

You collected 48 gold pieces.

Inventory:

Hand Weapons
 a - a +0 shortbow (weapon)
Missiles
 d - 10 arrows (quivered)
Armour
 m - a cursed +0 robe (worn)
Scrolls
 e - a scroll of amnesia {unknown}
 g - a scroll of identify {unknown}
 i - a scroll of teleportation {unknown}
 l - a scroll of magic mapping {unknown}
Potions
 k - a potion of degeneration {unknown}
 n - a potion of curing {unknown}
Books
 c - a book of Debilitation

   Spells                             Type                      Level
   a - Corona                         Hexes                        1
   b - Slow                           Hexes                        2
   c - Inner Flame                    Hexes/Fire                   3
   d - Portal Projectile              Hexes/Translocation          3
   e - Cause Fear                     Hexes                        4
   f - Leda's Liquefaction            Hexes/Earth                  4
Comestibles
 b - 3 chunks of flesh
 f - a bread ration
 h - 3 meat rations
 j - a royal jelly


   Skills:
 + Level 1.8 Fighting
 * Level 4.3 Bows
 - Level 1.3 Dodging
 - Level 1.0 Spellcasting
 - Level 2.6 Hexes


You had 3 spell levels left.
You knew the following spells:

 Your Spells              Type           Power        Failure   Level  Hunger
a - Corona                Hex            #......      10%         1    ##.....


Dungeon Overview and Level Annotations

Branches:
Dungeon (2/15)

Altars:
Gozag


Innate Abilities, Weirdness & Mutations

You have hooves in place of feet.
Armour fits poorly on your strangely shaped body.
You cover ground very quickly.
You have extremely tough skin. (AC +3)


Message History

The ooze hits you but does no damage.
The frilled lizard bites you but does no damage.
The goblin barely misses you. The ooze hits you but does no damage.
The frilled lizard bites you but does no damage.
The goblin hits you but does no damage. The ooze hits you.
* * * LOW HITPOINT WARNING * * *
The frilled lizard bites you but does no damage.
The goblin hits you but does no damage. The ooze closely misses you.
The frilled lizard bites you but does no damage.
The goblin barely misses you. The ooze barely misses you.
The frilled lizard bites you.
* * * LOW HITPOINT WARNING * * *
The goblin closely misses you. The ooze hits you.
* * * LOW HITPOINT WARNING * * *
The frilled lizard bites you.
You die...

#.#.....................#
#....####################
####.#..##.# #..........#
#.##.#..####
........###########
#.##.............. #
###.#########.# #.####.#
######@#######
#......####....lgJ.....(
######......####.######.
#.####.# #.# #.# #.# #.#
#.# #)# #.# #.####.# #.#
##### #....).####.#(.....
######........$....


You could see an ooze, a goblin and a frilled lizard.

Vanquished Creatures
  A dart slug (D:1)
  A ball python (D:1)
  5 giant cockroaches (D:1)
  7 goblins
  4 hobgoblins
  A jackal (D:2)
  4 kobolds
  4 rats
27 creatures vanquished.

Notes
Turn   | Place    | Note
-------+----------+-------------------------------------------
     0 | D:1      | polve the Centaur Arcane Marksman began the quest for the Orb.
     0 | D:1      | Reached XP level 1. HP: 16/16 MP: 2/2
    35 | D:1      | Reached skill level 3 in Bows
   173 | D:1      | Reached XP level 2. HP: 23/23 MP: 3/3
   314 | D:1      | Reached skill level 4 in Bows
   522 | D:1      | Reached XP level 3. HP: 29/29 MP: 4/4
   837 | D:2      | Found an opulent altar of Gozag.
  1030 | D:2      | Slain by a frilled lizard

Skill      XL: |  1  2 |
---------------+-------+-----
Bows           | 3 4 |  4.3
Fighting       | |  1.8
Dodging        | |  1.3
Spellcasting   | |  1.0
Hexes          | |  2.6

Action                   || total
-------------------------++-------
Melee: Shortbow          ||     1
       Kick              ||     1
 Fire: Shortbow          ||    72
Armor: Robe              ||    38
Dodge: Dodged            ||    37
